 Dungeon Crawl Stone Soup version 0.31-a0-889-g1a8549509d (webtiles) character file.

Game seed: 1198895660164678908

3263989 Charly the Wrestler (level 27, 358/358 HPs)
             Began as a Naga Shapeshifter on Oct 16, 2023.
             Was the Champion of Cheibriados.
             Escaped with the Orb
             ... and 5 runes!
             The game lasted 03:17:41 (68326 turns).

Charly the Wrestler (Naga Shapeshifter)            Turns: 68326, Time: 03:17:42

Health: 358/358    AC: 40    Str: 43    XL:     27
Magic:  35/35      EV: 33    Int: 29    God:    Cheibriados [******]
Gold:   2174       SH: 27    Dex: 35    Spells: 26/42 levels left

rFire   + +          .
                       - Unarmed
rCold   + . .        s - +5 kite shield {rC+ rF+}
rNeg    + . .        K - melded +3 pearl dragon scales
rPois   ∞            W - +1 hat of Boty {rF++ Int+2}
rElec   +            v - +2 cloak {rCorr}
rCorr   +            Q - melded +2 pair of gloves of Asceticism {Will- Regen+ Str+6 Dex+3}
SInv    +            (no barding)
Will    ++++.        D - amulet "Myumykk" {Reflect Fly SH+5}
Stlth   ++           e - ring of Duaneoja {Will+ Dex+4}
HPRegen 0.79/turn    Y - +6 ring of dexterity
MPRegen 0.24/turn

%: reflection
@: statue-form, flying, studying 2 skills, very slow
A: slow and powerful, torment resistance 1, boosted hp, AC +9, large, see
invisible, deformed body, poison resistance, (slowness 2), spit poison 2, naga
tail 2, antennae 1, stinger 2, clumsy 1, heat vulnerability 1, subdued magic 2
0: Orb of Zot
}: 5/15 runes: decaying, slimy, silver, abyssal, gossamer
a: Breathe Poison Gas, Begin Untransformation, Renounce Religion, Bend Time,
Temporal Distortion, Slouch, Step From Time


You escaped.
You worshipped Cheibriados.
Cheibriados was exalted by your worship.
You were a living statue of rough stone.
You visited 12 branches of the dungeon, and saw 56 of its levels.
You visited the Abyss 1 time.
You visited 1 ziggurat, and saw 16 of its levels.
You also visited: Sewer, Bailey and Desolation.

You collected 9158 gold pieces.
You spent 6984 gold pieces at shops.

Inventory:

Missiles
 m - 2 throwing nets
 J - 16 curare-tipped darts
Armour
 s - a +5 kite shield of resistance (worn)
 t - the +4 skin of Zhor {*Englaciate rC+++ SInv}
   (You found it on level 3 of the Elven Halls)

   *Englaciate: It radiates cold, occasionally slowing all nearby creatures who
   are not resistant to cold.
   rC+++:     It renders you almost immune to cold.
   SInv:      It lets you see invisible.
 v - a +2 cloak of preservation (worn)
 C - the +5 Storm Queen's Shield {shock, Fly rElec}
   (You found it on level 6 of a ziggurat)

   Shock:     When it blocks an attack, it may electrocute the attacker.
   This works even against foes who are a short distance away.
   rElec:     It insulates you from electricity.
   Fly:       It grants you flight.
 K - +3 pearl dragon scales (melded)
 Q - the +2 pair of gloves of Asceticism (melded) {Will- Regen+ Str+6 Dex+3}
   (You found it on level 5 of the Lair of Beasts)

   Str+6:     It affects your strength (+6).
   Dex+3:     It affects your dexterity (+3).
   Will-:     It decreases your willpower.
   Regen+:    It increases your rate of health regeneration.
 W - the +1 hat of Boty (worn) {rF++ Int+2}
   (You found it on level 4 of the Spider Nest)

   Int+2:     It affects your intelligence (+2).
   rF++:      It greatly protects you from fire.
Jewellery
 c - the ring "Ukhlah" {rElec rC+}
   (You found it on level 1 of the Orcish Mines)

   [ring of protection from cold]

   rC+:       It protects you from cold.
   rElec:     It insulates you from electricity.
 e - the ring of Duaneoja (left fist) {Will+ Dex+4}
   (You found it on level 13 of a ziggurat)

   [ring of willpower]

   Dex+4:     It affects your dexterity (+4).
   Will+:     It increases your willpower.
 f - a ring of protection from fire
 B - the amulet of Eternal Harmony {Reflect rElec Will- Str+6 SH+5}
   (You found it on level 5 of the Pits of Slime)

   [amulet of reflection]

   Reflect:   It reflects blocked missile attacks.
   Str+6:     It affects your strength (+6).
   rElec:     It insulates you from electricity.
   Will-:     It decreases your willpower.
   SH+5:      It affects your SH (+5).
 D - the amulet "Myumykk" (around neck) {Reflect Fly SH+5}
   (You found it on level 8 of a ziggurat)

   [amulet of reflection]

   Reflect:   It reflects blocked missile attacks.
   Fly:       It grants you flight.
   SH+5:      It affects your SH (+5).
 Y - a +6 ring of dexterity (right fist)
Talismans
 I - a talisman of death
 M - a maw talisman
 X - a granite talisman (active)
Wands
 b - a wand of digging (54)
 y - a wand of iceblast (84)
 z - a wand of acid (63)
 L - a wand of paralysis (107)
 Z - a wand of mindburst (72)
Scrolls
 a - 7 scrolls of poison
 h - 13 scrolls of blinking
 i - 9 scrolls of revelation
 j - 3 scrolls of immolation
 l - 10 scrolls of fog
 n - 18 scrolls of fear
 o - 11 scrolls of vulnerability
 w - 2 scrolls of summoning
 N - 36 scrolls of teleportation
 T - 4 scrolls of silence
Potions
 d - 7 potions of lignification
 g - 5 potions of resistance
 k - 12 potions of magic
 p - 15 potions of heal wounds
 q - 4 potions of ambrosia
 r - 6 potions of cancellation
 u - 4 potions of might
 x - 14 potions of brilliance
 A - a potion of invisibility
 E - 10 potions of attraction
 F - 12 potions of berserk rage
 G - 21 potions of curing
 H - 9 potions of enlightenment
 O - 5 potions of mutation
Miscellaneous
 P - a sack of spiders
 R - a condenser vane
 S - a phial of floods
 U - a phantom mirror
 V - a lightning rod (4/4)


   Skills:
 + Level 21.7 Fighting
 - Level 4.0 Ranged Weapons
 + Level 19.4 Dodging
 - Level 5.0 Stealth
 + Level 13.2 Shields
 * Level 26.4 Unarmed Combat
 - Level 8.0 Spellcasting
 - Level 14.0 Translocations
 - Level 3.0 Air Magic
 - Level 15.0 Invocations
 - Level 15.0 Evocations
 + Level 24.1 Shapeshifting


You had 26 spell levels left.
You knew the following spells:

 Your Spells              Type           Power      Damage    Failure   Level
b - Blink                 Tloc           100%       N/A       0%          2
c - Vhi's Electric Charg  Tloc/Air       76%        N/A       1%          4
d - Dispersal             Tloc           27%        N/A       1%          6
z - Manifold Assault      Tloc           55%        N/A       1%          4

Your spell library contained the following spells:

 Spells                   Type           Power      Damage    Failure   Level
 Apportation              Tloc           100%       N/A       0%          1
 Gell's Gravitas          Tloc           55%        N/A       0%          3
 Teleport Other           Tloc           55%        N/A       0%          3
 Shock                    Conj/Air       48%        1d6       1%          1
 Volatile Blastmotes      Fire/Tloc      64%        2d15      1%          3
 Dimensional Bullseye     Hex/Tloc       16%        N/A       1%          4
 Iskenderun's Mystic Bla  Conj/Tloc      32%        2d8       1%          4
 Passage of Golubria      Tloc           55%        N/A       1%          4
 Poisonous Vapours        Pois/Air       24%        N/A       2%          2
 Static Discharge         Conj/Air       24%        2-3/arc   2%          2
 Swiftness                Air            18%        N/A       2%          3
 Foxfire                  Conj/Fire      28%        2x1d5     3%          1
 Necrotise                Necr           28%        1d5       3%          1
 Slow                     Hex            28%        N/A       3%          1
 Sting                    Tmut/Pois      28%        1d4       3%          1
 Summon Small Mammal      Summ           28%        N/A       3%          1
 Cigotuvi's Dreadful Rot  Necr/Pois/Air  20%        N/A       3%          2
 Call Imp                 Summ           14%        N/A       5%          2
 Ensorcelled Hibernation  Hex/Ice        14%        N/A       5%          2
 Passwall                 Tmut/Erth      5%         N/A       5%          2
 Scorch                   Fire           14%        2d5       5%          2
 Wereblood                Tmut           7%         N/A       5%          2
 Summon Forest            Summ/Tloc      16%        N/A       5%          5
 Mephitic Cloud           Conj/Pois/Air  10%        N/A       8%          3
 Call Canine Familiar     Summ           7%         N/A       12%         3
 Dazzling Flash           Conj/Hex       14%        N/A       12%         3
 Ignite Poison            Fire/Tmut/Pois 7%         N/A       12%         3
 Inner Flame              Hex/Fire       7%         N/A       12%         3
 Ozocubu's Armour         Ice            7%         N/A       12%         3
 Sigil of Binding         Hex            7%         N/A       12%         3
 Stone Arrow              Conj/Erth      14%        3d7       12%         3
 Summon Guardian Golem    Hex/Summ       7%         N/A       12%         3
 Tukima's Dance           Hex            7%         N/A       12%         3
 Vampiric Draining        Necr           7%         2d6       12%         3
 Airstrike                Air            9%         2d(2-18)  12%         4
 Summon Lightning Spire   Summ/Air       12%        N/A       22%         4
 Anguish                  Hex/Necr       3%         N/A       41%         4
 Animate Armour           Summ/Erth      14%        N/A       41%         4
 Animate Dead             Necr           7%         N/A       41%         4
 Cause Fear               Hex            3%         N/A       41%         4
 Flame Wave               Conj/Fire      7%         2d5       41%         4
 Fulminant Prism          Conj/Hex       3%         3d5       41%         4
 Leda's Liquefaction      Hex/Erth       3%         N/A       41%         4
 Olgreb's Toxic Radiance  Pois           7%         N/A       41%         4
 Petrify                  Tmut/Erth      7%         N/A       41%         4
 Sticky Flame             Conj/Fire      7%         2d3       41%         4
 Arcjolt                  Conj/Air       6%         1d16      56%         5
 Silence                  Hex/Air        6%         N/A       56%         5
 Freezing Cloud           Conj/Ice/Air   5%         6-21      63%         5
 Disjunction              Tloc           27%        N/A       69%         8
 Agony                    Necr           7%         N/A       78%         5
 Alistair's Intoxication  Tmut/Pois      4%         N/A       78%         5
 Borgnjor's Vile Clutch   Necr/Erth      3%         N/A       78%         5
 Irradiate                Conj/Tmut      3%         3d12      78%         5
 Iskenderun's Battlesphe  Conj           7%         2d6       78%         5
 Lee's Rapid Deconstruct  Erth           3%         3d5*      78%         5
 Metabolic Englaciation   Hex/Ice        3%         N/A       78%         5
 Summon Mana Viper        Hex/Summ       7%         N/A       78%         5
 Yara's Violent Unravell  Hex/Tmut       3%         3d4       78%         5
 Malign Gateway           Summ/Tloc      16%        N/A       92%         7
 Plasma Beam              Fire/Air       6%         2x1d16    99%         6
 Bombard                  Conj/Erth      3%         9d1       100%        6
 Eringya's Noxious Bog    Tmut/Pois      3%         4d6       100%        6
 Simulacrum               Ice/Necr       3%         N/A       100%        6
 Starburst                Conj/Fire      3%         6d3       100%        6
 Summon Cactus Giant      Summ           3%         N/A       100%        6
 Enfeeble                 Hex            3%         N/A       100%        7
 Haunt                    Necr/Summ      3%         N/A       100%        7
 Orb of Destruction       Conj           3%         9d5       100%        7
 Spellforged Servitor     Conj/Summ      3%         N/A       100%        7
 Summon Hydra             Summ           3%         N/A       100%        7
 Ignition                 Fire           3%         3d4       100%        8
 Infestation              Necr           3%         N/A       100%        8
 Lehudib's Crystal Spear  Conj/Erth      3%         10d3      100%        8
 Maxwell's Capacitive Co  Air            9%         ∞         100%        8
 Summon Horrible Things   Summ           3%         N/A       100%        8
 Polar Vortex             Ice            3%         N/A       100%        9
 Sublimation of Blood     Necr           Unusable   N/A       N/A         2

Dungeon Overview and Level Annotations

Branches:
Dungeon (15/15)            Temple (1/1) D:5            Lair (5/5) D:10
  Swamp (4/4) Lair:3       Spider (4/4) Lair:3        Slime (5/5) Lair:4
    Orc (2/2) D:11            Elf (3/3) Orc:2        Vaults (5/5) D:13
  Crypt (3/3) Vaults:2       Tomb (0/3) Crypt:3      Depths (4/4) D:15
    Zot (5/5) Depths:4      Sewer (visited)          Bailey (visited)
Desolation (visited)

Altars:
Ashenzari
Cheibriados
Dithmenos
Elyvilon
Fedhas
Gozag
Hepliaklqana
Kikubaaqudgha
Makhleb
Nemelex Xobeh
Okawaru
Qazlal
Ru
Sif Muna
Trog
Uskayaw
Vehumet
Wu Jian
Xom
Yredelemnul
Zin
The Shining One

Shops:
D:1 ?   D:3 :   D:4 (   D:10 (=!   D:11 (   D:13 [   Orc:2 =:(*[   Elf:3 *
Vaults:2 ((   Vaults:5 *   Depths:1 [   Depths:2 *   Depths:3 *

Portals:
Hell: Depths:1 Depths:2 Depths:3 Depths:4
Abyss: Depths:2 Depths:3
Pandemonium: Depths:2 Depths:3

Annotations:
Crypt:1 3 runed translucent doors, Nuh Ema's ghost, veteran HuVM


Innate Abilities, Weirdness & Mutations

You are a living statue of rough stone.
Your actions are slow, but your melee attacks are powerful.
You are resistant to unholy torment.
Your maximum health is greatly increased.
Your equipment is partially melded.
((Your serpentine skin is tough. (AC +9)))
You are immune to poison.
You have supernaturally acute eyesight. (SInv)
Armour fits poorly on your strangely shaped body.
Your system is resistant to poisons. (rPois)
((You cover ground very slowly.))
You can exhale a cloud of poison.
You can use your snake-like lower body to constrict enemies.
You have a pair of small antennae on your head.
Your tail ends in a sharp venomous barb.
You are clumsy. (Dex -2)
You are vulnerable to heat. (rF-)
Your spells are easier to cast, but less powerful.


Message History

There is a stone staircase leading down here.
Heff comes into view.
Casting: Manifold Assault (safe; 1% risk of failure)
Confirm with . or Enter, or press ? or * to list all spells.
Space momentarily warps into an impossible shape!
You pulverise Heff!!!
Casting: Manifold Assault (safe; 1% risk of failure)
Confirm with . or Enter, or press ? or * to list all spells.
Space momentarily warps into an impossible shape!
You squash Heff like an ant!!!!
You kill Heff!
Cheibriados appreciates the change of pace.
A sun demon comes into view.
The sun demon closely misses you. You block the sun demon's attack.
You pound the sun demon into fine dust!!!!
You kill the sun demon!
Cheibriados appreciates the change of pace.
What level of the Dungeon? (default 1, ? - help)
There is a stone staircase leading up here.
You fly upwards.
There is a stone staircase leading down here.
Magic restored.
A large abomination comes into view.
You pound the large abomination into fine dust!!!!
You destroy the large abomination!
What level of the Dungeon? (default 1, ? - help)
A large abomination comes into view.
You pound the large abomination into fine dust!!!
You grab the large abomination.
The large abomination is almost destroyed.
You constrict the large abomination.
You block the large abomination's attack.
You pummel the large abomination like a punching bag!!!!
You destroy the large abomination!
There is a stone staircase leading up here.
You fly upwards.
There is a stone staircase leading down here.
There is an open gate here.
There is a staircase leading out of the dungeon here.
You have escaped!

#.........####........##.###....
#.........# #.########....###..
#.........# #...............###
#.........# ####.####.#.###...#
#.........# #####.###......###..
#.........###.......#........###
##.........#.##'''##.#.##......)#
.#...........#.....#.#.##.....###
.............#..8..#.#.##...###..
#..........#.#.....#.#.##.###....
#..........#.#.....#.............
#..........#.##+++##.############
#...[................#
####....###...######## #....#
##### #....# ######


There were no monsters in sight!

Vanquished Creatures
  the Royal Jelly (Slime:5)
  A seraph (Zot:1)
  The ghost of WhatIsLove the Conqueror, a legendary DjFE of Makhleb (Zig:12)
  7 dread liches
  The ghost of MackTheKnife the Conqueror, a legendary DrFi of Makhleb (Zig:12)
  6 orbs of fire
  Mara (Vaults:5)
  2 juggernauts (Depths:2)
  Sojobo (Depths:1)
  Josephina (Depths:3)
  Vv (Depths:2)
  12 Killer Klowns
  Xtahua (Crypt:1)
  5 pandemonium lords
  the Lernaean hydra (Swamp:4)
  Saint Roka (Depths:1)
  A shard shrike (Zot:2)
  Frederick (Vaults:3)
  A curse toe (Zig:12)
  10 golden dragons
  5 caustic shrikes
  Jory (Crypt:3)
  2 profane servitors
  3 doom hounds (Crypt:3)
  2 bone dragons
  A Tzitzimitl (Crypt:3)
  13 tentacled monstrosities
  A Brimstone Fiend (Zig:14)
  An iron giant (Zig:11)
  7 Hell Sentinels
  2 electric golems (Zot:5)
  Zenata (Vaults:3)
  7 liches
  5 hellephants (Zig:14)
  29 Orb Guardians
  Grunn (Crypt:3)
  A quicksilver dragon (shapeshifter) (Zig:15)
  An Ice Fiend (Zig:3)
  8 quicksilver dragons
  7 sphinxes
  8 titans (Vaults:5)
  A walking divine tome (Depths:2)
  17 acid blobs (Slime:5)
  A sphinx (shapeshifter) (Zig:15)
  6 searing wretches (Zig:14)
  6 death cobs
  5 ancient champions
  2 deep elf master archers (Elf:3)
  4 tentacled starspawn
  16 shadow dragons
  2 thorn hunters
  12 tengu reavers
  Kirke (Spider:4)
  13 storm dragons
  7 azure jellies
  3 nagarajas (Depths:1)
  A fenstrider witch (Swamp:3)
  Agnes (Spider:2)
  Aizul (Depths:1)
  7 revenants
  11 rockslimes
  4 draconian monks
  2 draconian knights
  8 draconian scorchers
  The ghost of Vorhees the Brawler, a journeyman TrCK of Jiyva (Lair:4)
  4 curse skulls
  An iron dragon (shapeshifter) (Zig:15)
  12 deep elf sorcerers
  9 fire giants
  Louise (Depths:2)
  8 emperor scorpions
  7 ghost moths
  5 quicksilver elementals
  7 frost giants
  17 vault wardens
  2 iron dragons
  4 draconian shifters
  4 imperial myrmidons (Desolation)
  12 deep elf elementalists
  10 ghouls
  5 balrugs
  3 orc warlords
  A formless jellyfish (Vaults:1)
  2 spriggan defenders (Depths:2)
  4 draconian annihilators
  5 angels
  A cacodemon (Depths:2)
  6 war gargoyles
  22 ironbound preservers
  A draconian stormcaller (Zot:4)
  A broodmother (Spider:4)
  11 stone giants
  9 quicksilver oozes
  16 vampire knights
  5 green draconians
  30 very ugly things
  5 ironbound thunderhulks
  8 yellow draconians
  7 deep elf demonologists
  2 eleionomae
  A stone giant (shapeshifter) (Zig:15)
  11 white draconians
  10 deep elf annihilators
  A bunyip (shapeshifter) (Zig:15)
  4 black draconians
  10 dire elephants
  3 spark wasps
  7 red draconians
  5 purple draconians
  9 eidola
  2 putrid mouths (Crypt:3)
  7 deep elf death magi
  6 bunyips
  The ghost of Arhieg the Fighter, a journeyman DsBe of Trog (Orc:1)
  5 ettins
  The ghost of Loemel the Spear-Bearer, a journeyman MfGl of Ashenzari (Orc:1)
  3 crystal guardians
  A merfolk impaler (Depths:4)
  The ghost of Atixe the Grappler, a journeyman TrBe of Trog (Orc:1)
  12 ragged hierophants (Desolation)
  12 great orbs of eyes
  6 fire dragons
  13 entropy weavers
  6 iron golems
  23 jiangshi
  The ghost of Gikes the Grappler, a journeyman TrFi of Ru (Orc:1)
  4 deep elf high priests
  A rakshasa (Depths:3)
  16 yaktaur captains
  20 hydras
  28 vault guards
  12 centaur warriors
  9 alligators
  7 servants of whispers (Desolation)
  6 ironbound frosthearts
  3 spriggan air magi
  A spriggan zombie (Crypt:1)
  7 peacekeepers
  10 ice dragons
  5 anacondas (Depths:1)
  2 ogre magi
  A jorogumo (Spider:2)
  6 death knights
  A hydra (shapeshifter) (D:15)
  4 radroaches
  7 boulder beetles
  3 catoblepae
  25 dancing weapons
  2 two-headed ogres (shapeshifter) (Zig:15)
  6 death yaks (Lair:5)
  A stoker (Zig:14)
  9 two-headed ogres
  A hell hog (Zig:14)
  11 naga warriors (Depths:1)
  13 vampire magi
  6 deep troll earth magi
  14 demonic crawlers
  3 deep troll shamans
  8 tengu warriors
  11 hell knights
  6 orc high priests
  Urug (Lair:4)
  10 thrashing horrors
  6 crystal echidnas
  19 deep elf knights
  14 spriggans
  3 wretched stars
  4 soul eaters
  4 spriggan berserkers
  2 sun demons
  A titan skeleton (Crypt:1)
  A fire crab (Spider:3)
  A skyshark (Lair:3)
  44 skeletal warriors
  12 large abominations
  2 pharaoh ants
  4 iron trolls
  A spatial maelstrom (Zig:4)
  A sea snake (shapeshifter) (Vaults:3)
  4 shadow wraiths
  4 spriggan druids
  3 goliath frogs
  2 sun moths
  3 orb spiders
  A spriggan simulacrum (Crypt:1)
  5 sea snakes
  A shadow demon (Zot:4)
  20 swamp dragons
  47 deep trolls
  6 glowing orange brains
  A death drake (Zig:7)
  10 ironbound convokers
  11 flayed ghosts
  9 deep elf archers
  6 bog bodies
  An orange crystal statue (D:15)
  An obsidian statue (Zot:5)
  2 harpies
  9 steelbarb worms
  8 wizards
  27 deep elf pyromancers
  2 tengu zombies
  15 orc knights
  11 lindwurms
  2 lindwurms (shapeshifter)
  27 deep elf zephyrmancers
  7 necromancers
  A human zombie (Vaults:1)
  13 phantasmal warriors
  A mana viper (Spider:2)
  A cyclops (shapeshifter) (Zig:15)
  23 wolf spiders
  A wolf spider (shapeshifter) (Zot:3)
  5 shining eyes
  2 manticores
  35 ugly things
  9 orc sorcerers
  3 oklob plants (Lair:4)
  8 will-o-the-wisps
  4 cyclopes
  2 fauns (shapeshifter)
  6 elephants (Lair:2)
  25 moths of wrath
  2 worldbinders (Abyss:3)
  7 black mambas
  An elephant (shapeshifter) (Zig:5)
  A spectral centaur (Crypt:3)
  A moth of wrath (shapeshifter) (Zig:15)
  3 eyes of devastation
  8 guardian serpents
  A rust devil (Depths:4)
  4 apocalypse crabs
  A guardian serpent (shapeshifter) (Vaults:5)
  2 naga magi (Depths:1)
  26 vault sentinels
  A fire giant skeleton (Depths:2)
  12 torpor snails
  Maggie (D:6)
  A molten gargoyle (Desolation)
  A gargoyle (D:13)
  4 smoke demons
  A yaktaur zombie (Vaults:1)
  2 kobold demonologists (D:12)
  A storm dragon simulacrum (Depths:3)
  4 tormentors
  7 komodo dragons
  16 cane toads
  9 rime drakes
  A rime drake (shapeshifter) (D:14)
  10 tengu conjurers
  3 hellions
  2 efreet (D:15)
  2 sea snake skeletons (Crypt:2)
  35 yaktaurs
  An ice devil (Depths:1)
  A golden dragon simulacrum (Depths:3)
  8 freezing wraiths
  A bloated husk (Zig:7)
  2 polar bears
  6 trolls
  A tengu simulacrum (Vaults:1)
  3 meliai (Spider:4)
  A meliai (shapeshifter) (D:14)
  2 harpy zombies
  23 hornets
  3 ancient zymes
  16 tyrant leeches
  A hornet (shapeshifter) (D:14)
  56 saltlings (Desolation)
  20 tarantellas
  A guardian serpent zombie (Crypt:1)
  2 raiju (Zig:13)
  2 dream sheep (Lair:3)
  22 blink frogs
  A harpy skeleton (Crypt:1)
  A dream sheep (shapeshifter) (Depths:3)
  A fire giant simulacrum (Zig:3)
  55 flying skulls
  59 slime creatures
  32 jumping spiders
  21 culicivoras
  2 ynoxinuls
  A centaur simulacrum (D:12)
  4 shadows
  5 wyverns
  3 air elementals
  41 yaks
  Eustachio (D:4)
  2 basilisks
  3 fire elementals
  6 golden eyes
  7 chaos spawn
  11 water elementals
  13 wraiths
  3 hogs (Spider:4)
  A human (Spider:1)
  8 steam dragons
  60 redbacks
  10 vampire mosquitoes
  6 neqoxecs
  9 wargs
  The ghost of Flugkiller the Slasher, an amateur DEFi (D:3)
  A glowing shapeshifter zombie (Depths:2)
  18 water moccasins
  3 hydra simulacra
  10 swamp worms
  3 acid dragons
  7 swamp drakes
  41 orc warriors
  6 black bears
  A dream sheep zombie (Crypt:1)
  A floating eye (Slime:4)
  2 sky beasts (D:8)
  2 ice beasts
  A black mamba simulacrum (Crypt:3)
  6 ogres
  Pargi (Sewer)
  A lindwurm zombie (Crypt:1)
  6 boggarts
  14 wolves
  6 centaurs
  2 phantoms (D:5)
  A blink frog skeleton (Crypt:2)
  13 kobold brigands
  An elf skeleton (Crypt:2)
  16 bullfrogs
  3 scorpions
  3 earth elementals
  A wyvern zombie (D:6)
  9 necrophages
  A naga simulacrum (Crypt:3)
  A salamander skeleton (Crypt:2)
  10 killer bees
  A small abomination (Crypt:3)
  6 electric eels
  5 howler monkeys
  8 jellies
  A centaur zombie (D:6)
  16 orc priests
  Crazy Yiuf (D:2)
  A gnoll bouda (D:7)
  A hound (D:4)
  64 starcursed masses
  A scorpion zombie (Crypt:1)
  Terence (D:2)
  13 hell rats
  7 iguanas
  22 orc wizards
  An acid dragon zombie (Crypt:1)
  An acid dragon skeleton (Crypt:2)
  A howler monkey zombie (Crypt:2)
  Robin (D:3)
  16 gnolls
  A river rat (D:5)
  12 adders
  3 shadow imps
  3 white imps
  2 ufetubi (D:6)
  A lava snake skeleton (Crypt:1)
  An adder skeleton (Crypt:2)
  5 worms
  2 dart slugs
  94 orcs
  13 ball pythons
  7 bats
  9 endoplasms
  5 giant cockroaches
  21 goblins
  13 hobgoblins
  5 jackals (D:1)
  2 quokkas
  9 frilled lizards
  A frilled lizard zombie (Crypt:1)
  38 kobolds
  7 rats
  2 butterflies (Zot:3)
  A lurking horror (Abyss:3)
  2 starspawn tentacles (Zig:13)
2812 creatures vanquished.

Vanquished Creatures (collateral kills)
  A deep elf master archer (Elf:3)
  A nagaraja (Depths:1)
  3 naga warriors (Depths:1)
  A pharaoh ant (Spider:2)
  A cyclops (Orc:1)
  A naga (Depths:1)
  An orc (Orc:1)
9 creatures vanquished.

Vanquished Creatures (others)
  A draconian knight (Zot:5)
  A glowing orange brain (Depths:3)
  A swamp dragon (Swamp:3)
  A lindwurm (Depths:1)
  A wizard (Vaults:4)
  A deep elf zephyrmancer (Elf:1)
  A moth of wrath (Zot:1)
  A titan simulacrum (Depths:3)
  2 hellions
  A tengu conjurer (Depths:3)
  4 bloated husks
  3 humans (Spider:4)
  A water moccasin (Lair:3)
  An orc warrior (Vaults:5)
  A glowing shapeshifter simulacrum (Depths:3)
  2 orcs (Depths:1)
  A fire vortex (Zig:14)
  28 foxfires
  5 starspawn tentacles
57 creatures vanquished.

Grand Total: 2878 creatures vanquished

Notes
Turn   | Place    | Note
-------+----------+-------------------------------------------
     0 | D:1      | Charly the Naga Shapeshifter began the quest for the Orb.
     0 | D:1      | Reached XP level 1. HP: 18/18 MP: 1/1
   104 | D:1      | Reached skill level 1 in Stealth
   104 | D:1      | Reached XP level 2. HP: 25/25 MP: 2/2
   239 | D:1      | Reached XP level 3. HP: 31/31 MP: 3/3
   315 | D:1      | Found Pikhlin's Magic Scroll Shoppe.
   320 | D:1      | Bought a scroll of identify for 22 gold pieces
   323 | D:1      | You fall into a shaft and drop 1 floor!
   323 | D:2      | Found a faded altar of an unknown god.
   370 | D:2      | Found a shimmering altar of Xom.
   809 | D:1      | Bought a scroll of teleportation for 33 gold pieces
   885 | D:2      | Noticed Terence
  1048 | D:2      | Reached XP level 4. HP: 39/39 MP: 4/4
  1207 | D:1      | Bought 2 scrolls of teleportation for 66 gold pieces
  1485 | D:2      | Found a runed translucent door.
  1486 | D:2      | Noticed Crazy Yiuf
  1635 | D:3      | Found Petib's Book Boutique.
  1661 | D:3      | Noticed Robin
  2110 | D:3      | Killed Robin
  2212 | D:3      | Found a runed translucent gate.
  2212 | D:3      | Found a runed translucent gate.
  2215 | D:3      | Noticed a kobold brigand
  2216 | D:3      | Found a runed translucent gate.
  2220 | D:3      | Noticed Flugkiller's ghost (amateur DEFi)
  2381 | D:3      | Reached XP level 5. HP: 41/45 MP: 5/5
  2987 | D:1      | Bought a scroll of enchant armour for 82 gold pieces
  3234 | D:4      | Reached skill level 5 in Stealth
  3312 | D:4      | Found Cejideuh's Antique Weapon Shoppe.
  3369 | D:4      | Reached XP level 6. HP: 55/55 MP: 6/6
  3428 | D:4      | Found an ornate altar of the Wu Jian Council.
  3532 | D:4      | Reached skill level 4 in Unarmed Combat
  3612 | D:4      | Found a glowing golden altar of the Shining One.
  3612 | D:4      | Found an ancient bone altar of Kikubaaqudgha.
  3786 | D:4      | Noticed Eustachio
  3900 | D:5      | Entered Level 5 of the Dungeon
  3928 | D:5      | Found a staircase to the Ecumenical Temple.
  3943 | Temple   | Entered the Ecumenical Temple
  3948 | Temple   | Became a worshipper of Cheibriados the Contemplative
  3964 | D:5      | Noticed a water moccasin
  3980 | D:5      | Killed a water moccasin
  4017 | D:5      | Noticed a black bear
  4032 | D:5      | Noticed a black bear
  4085 | D:5      | Found a glowing drain.
  4087 | D:5      | Reached XP level 7. HP: 46/62 MP: 7/7
  4102 | D:5      | Reached skill level 5 in Unarmed Combat
  4107 | Sewer    | Entered a sewer
  4272 | Sewer    | Noticed Pargi
  4277 | Sewer    | Killed Pargi
  4363 | Sewer    | Reached skill level 5 in Shapeshifting
  4490 | D:5      | Noticed a wyvern
  4519 | D:5      | Reached * piety under Cheibriados
  4609 | D:5      | Reached skill level 6 in Unarmed Combat
  4619 | D:5      | Reached XP level 8. HP: 37/69 MP: 8/8
  5101 | D:2      | Killed Terence
  5555 | D:6      | Reached skill level 1 in Ranged Weapons
  5977 | D:6      | Reached skill level 7 in Unarmed Combat
  6045 | D:6      | Reached ** piety under Cheibriados
  6051 | D:6      | Noticed Maggie
  6229 | D:6      | Found a basalt altar of Yredelemnul.
  6746 | D:7      | Found a flagged portal.
  6758 | Bailey   | Entered a bailey
  7029 | Bailey   | Reached XP level 9. HP: 73/73 MP: 9/9
  7037 | Bailey   | Reached skill level 1 in Invocations
  7037 | Bailey   | Reached skill level 1 in Evocations
  7358 | D:7      | Reached *** piety under Cheibriados
  7745 | D:7      | Reached skill level 8 in Unarmed Combat
  8164 | D:4      | Killed Eustachio
  8434 | D:6      | Killed Maggie
  8569 | D:8      | Noticed a troll
  8574 | D:8      | Killed a troll
  8644 | D:8      | Reached skill level 5 in Fighting
  8728 | D:8      | Reached XP level 10. HP: 27/88 MP: 12/12
  8969 | D:8      | Reached **** piety under Cheibriados
  9956 | D:7      | Reached skill level 9 in Unarmed Combat
 10151 | D:9      | Reached skill level 5 in Evocations
 10208 | D:9      | Noticed a two-headed ogre
 10227 | D:9      | Killed a two-headed ogre
 10475 | D:9      | Found a glowing silver altar of Zin.
 10670 | D:9      | Found a radiant altar of Vehumet.
 11037 | D:9      | Reached skill level 5 in Invocations
 11037 | D:9      | Reached XP level 11. HP: 26/97 MP: 11/14
 11381 | D:9      | Found a shimmering blue altar of Sif Muna.
 11698 | D:9      | a kobold demonologist changed into a harpy
 11698 | D:9      | Noticed a harpy
 11827 | D:9      | Killed a harpy
 12142 | D:10     | Entered Level 10 of the Dungeon
 12268 | D:10     | Found a staircase to the Lair.
 12283 | D:10     | Reached ***** piety under Cheibriados
 12677 | D:10     | Found Ibuujer's Distillery.
 12685 | D:10     | Found Kithrash's Jewellery Shop.
 12687 | D:10     | Found Zonac's Antique Weapon Boutique.
 12699 | D:10     | Bought a potion of berserk rage for 60 gold pieces
 12699 | D:10     | Bought a potion of curing for 36 gold pieces
 12699 | D:10     | Bought a potion of berserk rage for 60 gold pieces
 13066 | D:10     | Noticed a two-headed ogre
 13075 | D:10     | Killed a two-headed ogre
 13076 | D:10     | Reached skill level 10 in Unarmed Combat
 13175 | D:10     | Bought a potion of attraction for 36 gold pieces
 13175 | D:10     | Bought a potion of cancellation for 96 gold pieces
 13175 | D:10     | Bought 2 potions of curing for 72 gold pieces
 13353 | D:1      | Bought a scroll of enchant armour for 82 gold pieces
 13562 | D:15     | Identified the "Quoxyxku"
 13562 | D:15     | Identified the "Hipett"
 13562 | Lair:1   | Entered Level 1 of the Lair of Beasts
 13826 | Lair:1   | Reached skill level 10 in Shapeshifting
 13826 | Lair:1   | Reached XP level 12. HP: 70/109 MP: 10/17
 14734 | Lair:2   | Reached skill level 11 in Unarmed Combat
 15610 | Lair:3   | Noticed a six-headed hydra
 15739 | Lair:3   | Found a snail-covered altar of Cheibriados.
 15818 | Lair:3   | Found a staircase to the Swamp.
 15836 | Lair:3   | Gained mutation: You can use your snake-like lower body to
                  | constrict enemies. [Naga growth]
 15836 | Lair:3   | Reached XP level 13. HP: 47/120 MP: 16/19
 16246 | Lair:3   | Reached skill level 12 in Unarmed Combat
 16368 | Lair:3   | Found a hole to the Spider Nest.
 17023 | Lair:3   | Noticed a dire elephant
 17028 | Lair:3   | Killed a dire elephant
 17255 | Lair:4   | Reached ****** piety under Cheibriados
 17397 | Lair:4   | Found a sparkling altar of Nemelex Xobeh.
 17509 | Lair:4   | Reached skill level 13 in Unarmed Combat
 17648 | Lair:4   | Found a runed translucent gate.
 17648 | Lair:4   | Found a runed translucent gate.
 17648 | Lair:4   | Found a runed translucent gate.
 17649 | Lair:4   | Noticed Vorhees's ghost (journeyman TrCK)
 17709 | Lair:4   | Noticed Urug
 17807 | Lair:4   | Found a staircase to the Slime Pits.
 18031 | Lair:5   | Entered Level 5 of the Lair of Beasts
 18083 | Lair:5   | Reached skill level 10 in Fighting
 18140 | Lair:5   | Reached skill level 10 in Invocations
 18209 | Lair:5   | Reached XP level 14. HP: 132/132 MP: 21/21
 18228 | Lair:5   | Identified the +2 pair of gloves of Asceticism {Will-
                  | Regen+ Str+6 Dex+3}
 18529 | Lair:5   | Reached skill level 14 in Unarmed Combat
 18639 | Lair:5   | Identified the +10 rapier of the Chewing Gods {drain, rF-
                  | Int+5}
 19229 | Lair:5   | Found a runed translucent door.
 19871 | D:11     | Found Seganur's Weapon Shoppe.
 19878 | D:11     | Identified the +1 robe of Dramatic Exits {rCorr Slay+2
                  | Stlth-}
 19983 | D:11     | Found a staircase to the Orcish Mines.
 20536 | D:2      | Killed Crazy Yiuf
 20540 | D:2      | Identified the +4 hammer "Etseeq" {freeze, rElec rN+ Will+
                  | Int-3}
 20589 | D:3      | Killed Flugkiller's ghost
 21560 | D:13     | Reached XP level 15. HP: 130/141 MP: 23/23
 21574 | D:13     | Reached skill level 15 in Unarmed Combat
 21806 | D:13     | Found a sacrificial altar of Ru.
 21928 | D:13     | Found Judodghy's Antique Armour Emporium.
 21936 | D:13     | Bought an emerald-encrusted leather armour for 238 gold
                  | pieces
 21936 | D:13     | Identified the +1 leather armour of the Old and Reckless
                  | {rF+ Will- Int+3 Stlth+} (You bought it in a shop on level
                  | 13 of the Dungeon)
 22056 | D:13     | Found a gate to the Vaults.
 22954 | D:14     | Gained mutation: You are clumsy. (Dex -2) [a shining eye]
 23323 | D:15     | Entered Level 15 of the Dungeon
 23574 | D:15     | Identified the +2 leather armour of Zeporhy {rElec rF+}
 23667 | D:15     | Found a white marble altar of Elyvilon.
 23696 | D:15     | Reached skill level 16 in Unarmed Combat
 23994 | D:15     | Found a staircase to the Depths.
 24051 | D:15     | Reached XP level 16. HP: 126/152 MP: 25/25
 24547 | Orc:1    | Identified the "Fomick"
 24547 | Orc:1    | Entered Level 1 of the Orcish Mines
 24690 | Orc:1    | Found a runed translucent gate.
 24692 | Orc:1    | Found a runed translucent gate.
 24702 | Orc:1    | Found a runed translucent gate.
 24704 | Orc:1    | Noticed Loemel's ghost (journeyman MfGl)
 24704 | Orc:1    | Noticed Atixe's ghost (journeyman TrBe)
 24704 | Orc:1    | Noticed Arhieg's ghost (journeyman DsBe)
 24705 | Orc:1    | Noticed Gikes's ghost (journeyman TrFi)
 24968 | Orc:2    | Entered Level 2 of the Orcish Mines
 24978 | Orc:2    | Paralysed by an orc sorcerer for 5 turns
 24997 | Orc:2    | Reached skill level 5 in Dodging
 25114 | Orc:2    | Found Tuinetz's Jewellery Boutique.
 25251 | Orc:2    | Paralysed by an orc sorcerer for 4 turns
 25338 | Orc:2    | Found Haexzu's Book Emporium.
 25357 | Orc:2    | Found Ymory's Antique Weapon Shoppe.
 25373 | Orc:2    | Found Ireang's Antique Armour Boutique.
 25438 | Orc:2    | Found Zaaff's General Store.
 25444 | Orc:2    | Found a staircase to the Elven Halls.
 25712 | Orc:2    | Found Tuinetz's Jewellery Boutique.
 25828 | Orc:2    | Found a staircase to the Elven Halls.
 25829 | Orc:2    | Found Zaaff's General Store.
 25937 | Orc:2    | Found Ireang's Antique Armour Boutique.
 25964 | Orc:2    | Found Ymory's Antique Weapon Shoppe.
 26196 | Orc:2    | Bought a granite talisman for 1040 gold pieces
 26255 | Orc:2    | Bought a jewelled leather armour for 189 gold pieces
 26255 | Orc:2    | Identified the +0 leather armour of a volcano {Int+3 Dex+2}
                  | (You bought it in a shop on level 2 of the Orcish Mines)
 26266 | Orc:2    | Bought a potion of curing for 39 gold pieces
 26266 | Orc:2    | Bought a potion of berserk rage for 65 gold pieces
 26266 | Orc:2    | Bought a wand of paralysis (3) for 93 gold pieces
 26337 | D:10     | Bought a potion of resistance for 120 gold pieces
 26423 | Orc:1    | Killed Arhieg's ghost
 26434 | Orc:1    | Killed Loemel's ghost
 26439 | Orc:1    | Killed Gikes's ghost
 26446 | Orc:1    | Killed Atixe's ghost
 26467 | Orc:1    | Identified the ring "Ukhlah" {rElec rC+}
 26796 | Swamp:1  | Entered Level 1 of the Swamp
 28323 | Swamp:3  | Reached skill level 17 in Unarmed Combat
 28388 | Swamp:3  | Reached XP level 17. HP: 138/162 MP: 26/26
 29172 | Swamp:4  | Entered Level 4 of the Swamp
 29315 | Swamp:4  | Reached skill level 15 in Shapeshifting
 29342 | Swamp:4  | Noticed the 27-headed Lernaean hydra
 29348 | Swamp:4  | Killed the 27-headed Lernaean hydra
 30029 | Swamp:4  | Got a decaying rune of Zot
 30324 | Spider:1 | Entered Level 1 of the Spider Nest
 30447 | Spider:1 | You fall into a shaft and drop 1 floor!
 31237 | Spider:1 | Reached XP level 18. HP: 174/174 MP: 23/28
 31578 | Spider:1 | Identified the +1 trident "Newtbane" {antimagic, rElec
                  | Int+4}
 32241 | Spider:2 | Noticed Agnes
 32244 | Spider:2 | Killed Agnes
 33314 | Spider:3 | Gained mutation: Your magical capacity is low. (-10% MP)
                  | [mutagenic glow]
 33539 | Spider:4 | Entered Level 4 of the Spider Nest
 33859 | Spider:4 | Noticed Kirke
 33868 | Spider:4 | Killed Kirke
 34036 | Spider:4 | Reached skill level 18 in Unarmed Combat
 34135 | Spider:4 | Identified the +4 quarterstaff of Giykhlul {freeze, rPois
                  | Str-5 SInv}
 34363 | Spider:4 | Reached XP level 19. HP: 131/183 MP: 14/27
 34519 | Spider:4 | Identified the +1 hat of Boty {rF++ Int+2}
 34522 | Spider:4 | Got a gossamer rune of Zot
 34852 | Vaults:1 | Entered Level 1 of the Vaults
 35049 | Vaults:1 | Reached skill level 15 in Invocations
 35319 | Vaults:1 | Learned a level 2 spell: Blink
 35351 | Vaults:1 | Reached skill level 1 in Translocations
 35390 | Vaults:1 | Reached skill level 1 in Spellcasting
 35596 | Vaults:1 | Noticed a dread lich
 35602 | Vaults:1 | Killed a dread lich
 35743 | Vaults:1 | Reached skill level 15 in Fighting
 36940 | Vaults:2 | Reached XP level 20. HP: 190/194 MP: 28/28
 37077 | Vaults:2 | Found Dim Ydytt's Weapon Emporium.
 37195 | Vaults:2 | Found Fillar's Weapon Emporium.
 37506 | Vaults:2 | Identified a scroll of acquirement
 37507 | Vaults:2 | Acquired a manual of Dodging
 37685 | Vaults:2 | Acquired a manual of Evocations
 37756 | Vaults:2 | Found a staircase to the Crypt.
 37756 | Vaults:2 | Found an ancient bone altar of Kikubaaqudgha.
 37756 | Vaults:2 | Found a basalt altar of Yredelemnul.
 37859 | Vaults:2 | Learned a level 4 spell: Manifold Assault
 38091 | Vaults:3 | Reached skill level 10 in Dodging
 38570 | Vaults:3 | Noticed Zenata
 38580 | Vaults:3 | Killed Zenata
 38632 | Vaults:3 | Noticed Frederick
 38636 | Vaults:3 | Killed Frederick
 38997 | Vaults:3 | Reached skill level 5 in Translocations
 39463 | Vaults:4 | Reached skill level 19 in Unarmed Combat
 39940 | Vaults:4 | Reached XP level 21. HP: 204/204 MP: 25/29
 40760 | Vaults:5 | Identified the "Yfem"
 40760 | Vaults:5 | Identified the "Iklageve"
 40760 | Crypt:1  | Entered Level 1 of the Crypt
 41138 | Crypt:1  | Reached skill level 5 in Spellcasting
 41791 | Crypt:1  | Noticed Xtahua
 41792 | Crypt:1  | Found a runed translucent gate.
 41795 | Crypt:1  | Noticed Nuh Ema's ghost (veteran HuVM)
 41798 | Crypt:1  | Killed Xtahua
 41800 | Crypt:1  | Found a runed translucent gate.
 41801 | Crypt:1  | Found a runed translucent gate.
 42961 | Crypt:3  | Identified the "Hesio"
 42961 | Crypt:3  | Entered Level 3 of the Crypt
 43067 | Crypt:3  | Found a basalt altar of Yredelemnul.
 43069 | Crypt:3  | Noticed Grunn
 43111 | Crypt:3  | Reached XP level 22. HP: 87/214 MP: 22/29
 43516 | Crypt:3  | Reached skill level 10 in Evocations
 43542 | Crypt:3  | Killed Grunn
 44007 | Crypt:3  | Noticed Jory
 44016 | Crypt:3  | Killed Jory
 44122 | Crypt:3  | Found a staircase to the Tomb.
 44185 | Crypt:3  | Noticed a profane servitor
 44191 | Crypt:3  | Killed a profane servitor
 44812 | Elf:1    | Entered Level 1 of the Elven Halls
 44827 | Elf:1    | Found a radiant altar of Vehumet.
 44957 | Elf:1    | Paralysed by an air elemental for 1 turns
 45580 | Elf:1    | Identified the +12 rapier of Ceatiotz {venom, rElec rPois}
 46248 | Desolati | Identified the "Kuoqapro"
 46311 | Elf:2    | Found a crumbling gateway.
 46316 | Desolati | Entered the Desolation of Salt
 46681 | Desolati | Identified the +9 hand axe "Fyarch" {drain, rN+}
 46692 | Desolati | Reached skill level 20 in Unarmed Combat
 46692 | Desolati | Identified the ring "Nalapoho" {rElec SInv}
 46710 | Desolati | Reached XP level 23. HP: 224/224 MP: 5/30
 46887 | Desolati | Identified the staff "Eneiz" {rF+ rCorr Dex+3 Fire}
 46917 | Desolati | Found the +8 whip "Snakebite" {venom, curare, rPois}
 47067 | Desolati | Identified the amulet "Gougur" {-Cast rPois rF+ Regen+
                  | Dex+2}
 47073 | Desolati | Identified the +0 chain mail "Kyojyifu" {rF+}
 47716 | Elf:2    | Found a runed translucent gate.
 47732 | Elf:2    | Found a runed translucent gate.
 47737 | Elf:2    | Found a runed translucent gate.
 48609 | Elf:3    | Identified the "Jompuoni"
 48609 | Elf:3    | Identified the of Ymmox
 48609 | Elf:3    | Identified the "Caatanav"
 48609 | Elf:3    | Entered Level 3 of the Elven Halls
 48717 | Elf:3    | Found Jucsonun's Assorted Antiques.
 48724 | Elf:3    | Bought a scroll of fear for 136 gold pieces
 48724 | Elf:3    | Bought a scroll of teleportation for 102 gold pieces
 49199 | Elf:3    | Identified the +3 hand axe "Ylankurgh" {spect, Drain Str+3
                  | Dex+4}
 49203 | Abyss:3  | Cast into level 3 of the Abyss (a deep elf demonologist)
 49205 | Abyss:3  | Found a corrupted altar of Lugonu.
 49227 | Abyss:3  | Paralysed by accursed screaming for 1 turns
 49236 | Abyss:3  | Paralysed by accursed screaming for 1 turns
 49306 | Abyss:3  | Got an abyssal rune of Zot
 49343 | Abyss:3  | Gained mutation: You have hidden genetic defects. [a
                  | neqoxec]
 49349 | Elf:3    | Escaped the Abyss
 49766 | Elf:3    | Found the +4 skin of Zhor {*Englaciate rC+++ SInv}
 49785 | Elf:3    | Identified the +2 spear "Gapig" {flame, rC+ Will+}
 49889 | Elf:3    | Identified the +1 mace "Embalmer" {heavy, *Rage +Blink
                  | rElec Str+5}
 49899 | Elf:3    | Identified the +1 orcbow of Deflation {freeze, rPois Will-
                  | Dex+5}
 49926 | Elf:3    | Identified the +0 chain mail "Buoteiwe" {rN+ Int-2 Stlth+}
 49952 | Elf:3    | Identified the staff "Raqas" {rElec rPois Str+3 Dex+3 Air}
 50091 | Elf:3    | Reached XP level 24. HP: 236/236 MP: 30/30
 50095 | Elf:3    | Gained mutation: You are frail. (-10% HP) [hidden defects]
 50615 | D:4      | Lost mutation: You have hidden genetic defects. [potion of
                  | mutation]
 50615 | D:4      | Lost mutation: Your magical capacity is low. (-10% MP)
                  | [potion of mutation]
 50615 | D:4      | Gained mutation: You possess an exceptional clarity of
                  | mind. [potion of mutation]
 50615 | D:4      | Gained mutation: You occasionally lose the ability to drink
                  | potions when taking damage. [potion of mutation]
 50616 | D:4      | Lost mutation: You possess an exceptional clarity of mind.
                  | [potion of mutation]
 50616 | D:4      | Lost mutation: You are frail. (-10% HP) [potion of
                  | mutation]
 50616 | D:4      | Lost mutation: You are clumsy. (Dex -2) [potion of
                  | mutation]
 50616 | D:4      | Gained mutation: You possess an exceptional clarity of
                  | mind. [potion of mutation]
 50617 | D:4      | Lost mutation: You possess an exceptional clarity of mind.
                  | [potion of mutation]
 50617 | D:4      | Lost mutation: You occasionally lose the ability to drink
                  | potions when taking damage. [potion of mutation]
 50617 | D:4      | Gained mutation: You can exhale a cloud of poison. [potion
                  | of mutation]
 50617 | D:4      | Gained mutation: Your tail ends in a venomous barb. [potion
                  | of mutation]
 50617 | D:4      | Gained mutation: You are dopey. (Int -2) [potion of
                  | mutation]
 50837 | Depths:1 | Entered Level 1 of the Depths
 50839 | Depths:1 | Found an opulent altar of Gozag.
 50874 | Depths:1 | Noticed Sojobo
 50883 | Depths:1 | Killed Sojobo
 50888 | Depths:1 | Reached skill level 1 in Shields
 51047 | Depths:1 | Found a gateway to Hell.
 51050 | Depths:1 | Noticed Saint Roka
 51061 | Depths:1 | Killed Saint Roka
 51743 | Depths:1 | Found Bilokyl's Antique Armour Boutique.
 51886 | Depths:1 | Noticed Aizul
 51891 | Depths:1 | Killed Aizul
 52103 | Depths:1 | Learned a level 6 spell: Dispersal
 52140 | Depths:2 | Identified the +6 spear of Odaunume {flame, rCorr}
 52141 | Depths:2 | Reached skill level 21 in Unarmed Combat
 52144 | Depths:2 | Noticed a juggernaut
 52152 | Depths:2 | Killed a juggernaut
 52228 | Depths:2 | Noticed a juggernaut
 52238 | Depths:2 | Killed a juggernaut
 52239 | Depths:2 | Reached skill level 15 in Dodging
 52457 | Depths:2 | Found a one-way gate to the infinite horrors of the Abyss.
 52458 | Depths:2 | Noticed Louise
 52468 | Depths:2 | Killed Louise
 52574 | Depths:2 | Reached skill level 5 in Shields
 52662 | Depths:2 | Found a one-way gate leading to the halls of Pandemonium.
 52782 | Depths:2 | Noticed Vv
 52792 | Depths:2 | Killed Vv
 53043 | Depths:2 | Found Qumegennue's Overcharged Wands.
 53062 | Depths:2 | Found a one-way gateway to a ziggurat.
 53418 | Depths:3 | Identified the ring of the Amoeba {Ice rElec rCorr Str+4
                  | Dex-3}
 53418 | Depths:3 | Noticed Josephina
 53426 | Depths:3 | Killed Josephina
 53679 | Depths:3 | Identified the +7 trident of Wenyx {heavy, rN++ Int+3}
 53760 | Depths:3 | Reached skill level 10 in Translocations
 53782 | Depths:3 | Reached XP level 25. HP: 246/246 MP: 34/34
 54526 | Depths:3 | Found Poyt's General Store.
 54532 | Depths:3 | Bought a scroll of teleportation for 69 gold pieces
 54671 | Depths:4 | Entered Level 4 of the Depths
 55052 | Depths:4 | Found a gate to the Realm of Zot.
 55177 | Depths:4 | Reached skill level 22 in Unarmed Combat
 55741 | Vaults:5 | Entered Level 5 of the Vaults
 55741 | Vaults:5 | Noticed Mara
 55744 | Vaults:5 | Noticed Charly's illusion
 55746 | Vaults:5 | Killed Mara
 55952 | Vaults:5 | Reached XP level 26. HP: 257/257 MP: 27/34
 56065 | Vaults:5 | Learned a level 4 spell: Vhi's Electric Charge
 56163 | Vaults:5 | Reached skill level 1 in Air Magic
 56293 | Vaults:5 | Identified the +4 plate armour of Defiance {rF+ rCorr
                  | Slay+2}
 56742 | Vaults:5 | Got a silver rune of Zot
 56787 | Vaults:5 | Identified the ring of the Harvest {*Slow Fly rCorr Slay+2}
 57156 | Vaults:5 | Found Jynt's Assorted Antiques.
 57362 | Vaults:5 | Identified the +0 leather armour of Hide-and-Seek {rF+
                  | rCorr MP-9 Dex+4}
 58286 | Vaults:5 | Found Jynt's Assorted Antiques.
 58726 | D:10     | Bought a potion of mutation for 96 gold pieces
 58797 | Orc:2    | Bought a potion of magic for 104 gold pieces
 59046 | Vaults:5 | Bought a scroll of enchant armour for 202 gold pieces
 59365 | Elf:3    | Bought a scroll of revelation for 255 gold pieces
 59595 | Depths:1 | Bought a masterwork ring mail for 369 gold pieces
 59595 | Depths:1 | Identified the +0 ring mail of Unreason {rPois rF+ SInv}
                  | (You bought it in a shop on level 1 of the Depths)
 59659 | Depths:2 | Bought a wand of iceblast (18) for 648 gold pieces
 59659 | Depths:2 | Bought a wand of paralysis (18) for 648 gold pieces
 59659 | Depths:2 | Bought a wand of mindburst (30) for 630 gold pieces
 59659 | Depths:2 | Bought a wand of paralysis (18) for 648 gold pieces
 59659 | Depths:2 | Bought a wand of paralysis (18) for 648 gold pieces
 59973 | Zot:1    | Identified the "Tuwk"
 59973 | Slime:1  | Entered Level 1 of the Pits of Slime
 60015 | Slime:3  | Gained mutation: You are partially covered in iridescent
                  | scales. (AC +2) [a shining eye]
 60077 | Slime:5  | Entered Level 5 of the Pits of Slime
 60147 | Slime:5  | Noticed the Royal Jelly
 60159 | Slime:5  | Killed the Royal Jelly
 60160 | Slime:5  | Reached skill level 23 in Unarmed Combat
 60160 | Slime:5  | Reached skill level 15 in Evocations
 60176 | Slime:5  | Gained mutation: You occasionally lose the ability to drink
                  | potions when taking damage. [a shining eye]
 60179 | Slime:5  | Gained mutation: You occasionally lose the ability to read
                  | scrolls when taking damage. [a shining eye]
 60215 | Slime:5  | Lost mutation: You can exhale a cloud of poison. [potion of
                  | mutation]
 60215 | Slime:5  | Lost mutation: You occasionally lose the ability to drink
                  | potions when taking damage. [potion of mutation]
 60215 | Slime:5  | Gained mutation: You are weak. (Str -2) [potion of
                  | mutation]
 60215 | Slime:5  | Gained mutation: You are frail. (-10% HP) [potion of
                  | mutation]
 60216 | Slime:5  | Lost mutation: You are partially covered in iridescent
                  | scales. (AC +2) [potion of mutation]
 60216 | Slime:5  | Lost mutation: You are weak. (Str -2) [potion of mutation]
 60216 | Slime:5  | Lost mutation: Your tail ends in a venomous barb. [potion
                  | of mutation]
 60216 | Slime:5  | Gained mutation: A frigid envelope surrounds you and
                  | freezes all who hurt you. [potion of mutation]
 60217 | Slime:5  | Lost mutation: You are frail. (-10% HP) [potion of
                  | mutation]
 60217 | Slime:5  | Lost mutation: You are dopey. (Int -2) [potion of mutation]
 60217 | Slime:5  | Gained mutation: Your natural rate of healing is unusually
                  | fast. [potion of mutation]
 60217 | Slime:5  | Gained mutation: Your muscles are strong. (Str +4, Int/Dex
                  | -1) [potion of mutation]
 60217 | Slime:5  | Gained mutation: You have a pair of small horns on your
                  | head. [potion of mutation]
 60218 | Slime:5  | Lost mutation: Your natural rate of healing is unusually
                  | fast. [potion of mutation]
 60218 | Slime:5  | Lost mutation: Your muscles are strong. (Str +4, Int/Dex
                  | -1) [potion of mutation]
 60218 | Slime:5  | Lost mutation: A frigid envelope surrounds you and freezes
                  | all who hurt you. [potion of mutation]
 60218 | Slime:5  | Gained mutation: Your spells are a little easier to cast,
                  | but a little less powerful. [potion of mutation]
 60218 | Slime:5  | Gained mutation: You are weak. (Str -2) [potion of
                  | mutation]
 60218 | Slime:5  | Gained mutation: You passively map a small area around you.
                  | [potion of mutation]
 60284 | Slime:5  | Got a slimy rune of Zot
 60365 | Slime:5  | Identified the +5 demon blade "Wuheakluo" {venom, *Slow
                  | +Blink rC+ rN++}
 60366 | Slime:5  | Identified the staff of Checkmate {MP+9 Int+5 Conj Ice}
 60442 | Slime:5  | Identified the staff "Kuwis" {Drain rF+ rN+ Will+ Dex+9
                  | Necro}
 60451 | Slime:5  | Identified the +0 hand axe of Haddeic {holy, rC++ rN+ Will-
                  | Stlth+}
 60514 | Slime:5  | Identified the amulet of Eternal Harmony {Reflect rElec
                  | Will- Str+6 SH+5}
 60530 | Slime:5  | Identified the +5 rapier of Uretoys {flame, Int+4}
 60536 | Slime:5  | Identified the +2 ring mail of Exclusion {rC+++ Will+}
 60886 | Lair:4   | Killed Urug
 60911 | Lair:4   | Killed Vorhees's ghost
 61155 | Tomb:3   | Identified the of Jugir
 61155 | Tomb:3   | Identified the of Cumunu
 61155 | Tar:7    | Identified the "Raggiaco"
 61155 | Tar:7    | Identified the "Ewigixt"
 61155 | Coc:7    | Identified the of Emobirus
 61155 | Zig:1    | Entered Level 1 of a ziggurat
 61169 | Zig:2    | Entered Level 2 of a ziggurat
 61187 | Zig:3    | Entered Level 3 of a ziggurat
 61191 | Zig:3    | Reached XP level 27. HP: 266/266 MP: 31/34
 61200 | Zig:4    | Entered Level 4 of a ziggurat
 61209 | Zig:4    | Paralysed by accursed screaming for 1 turns
 61213 | Zig:4    | Paralysed by accursed screaming for 1 turns
 61236 | Zig:5    | Entered Level 5 of a ziggurat
 61239 | Zig:5    | Noticed a dread lich
 61239 | Zig:5    | Noticed a dread lich
 61246 | Zig:5    | Killed a dread lich
 61247 | Zig:5    | Killed a dread lich
 61257 | Zig:5    | Lost mutation: You are weak. (Str -2) [potion of mutation]
 61257 | Zig:5    | Lost mutation: You have a pair of small horns on your head.
                  | [potion of mutation]
 61257 | Zig:5    | Gained mutation: Your movements are slightly less
                  | encumbered by armour. (ER -2) [potion of mutation]
 61257 | Zig:5    | Gained mutation: You are agile. (Dex +4, Str/Int -1)
                  | [potion of mutation]
 61257 | Zig:5    | Gained mutation: Your tail ends in a venomous barb. [potion
                  | of mutation]
 61257 | Zig:5    | Gained mutation: You can exhale a cloud of poison. [potion
                  | of mutation]
 61287 | Zig:5    | Identified the +4 shortbow of Dividends {elec, Str+2 Int-3
                  | SInv}
 61290 | Zig:5    | Reached skill level 10 in Shields
 61293 | Zig:6    | Identified the "Rias"
 61293 | Zig:6    | Identified the "Qacvyafe"
 61293 | Zig:6    | Entered Level 6 of a ziggurat
 61299 | Zig:6    | Found the +5 Storm Queen's Shield {shock, Fly rElec}
 61320 | Zig:6    | Identified the +1 acid dragon scales of the Playwright
                  | {rCorr Stlth+}
 61392 | Zig:7    | Entered Level 7 of a ziggurat
 61427 | Zig:7    | Lost mutation: You passively map a small area around you.
                  | [potion of mutation]
 61427 | Zig:7    | Lost mutation: Your movements are slightly less encumbered
                  | by armour. (ER -2) [potion of mutation]
 61427 | Zig:7    | Lost mutation: You occasionally lose the ability to read
                  | scrolls when taking damage. [potion of mutation]
 61451 | Zig:8    | Entered Level 8 of a ziggurat
 61456 | Zig:8    | Found the brooch of Shielding {Spirit SH+8}
 61486 | Zig:8    | Identified the +0 helmet of the Tuna {rElec rCorr Int-5}
 61500 | Zig:8    | Identified the amulet "Myumykk" {Reflect Fly SH+5}
 61520 | Zig:9    | Entered Level 9 of a ziggurat
 61573 | Zig:9    | Identified the ring "Wioriex" {rN+ MP+9}
 61582 | Zig:9    | Identified the +4 hand axe "Aroos" {flame, Fly rF+}
 61586 | Zig:9    | Identified the +2 short sword of Agony {freeze, Drain rPois
                  | rN+ Int+2}
 61600 | Zig:10   | Entered Level 10 of a ziggurat
 61789 | Zig:11   | Entered Level 11 of a ziggurat
 61855 | Zig:11   | Identified the +7 dagger of Pain and Death {spect, rElec
                  | rC+}
 61870 | Zig:11   | Identified the ring "Cipomp" {Fly rElec rPois rF- Str+2}
 62038 | Zig:12   | Entered Level 12 of a ziggurat
 62047 | Zig:12   | Found the +8 trishula "Condemnation" {holy, anguish, *Noise
                  | Fly rN+}
 62107 | Zig:12   | Noticed WhatIsLove's ghost (legendary DjFE)
 62111 | Zig:12   | Noticed MackTheKnife's ghost (legendary DrFi)
 62125 | Zig:12   | Reached skill level 24 in Unarmed Combat
 62136 | Zig:12   | Killed WhatIsLove's ghost
 62149 | Zig:12   | Killed MackTheKnife's ghost
 62174 | Zig:12   | Identified the amulet "Ustolow" {Spirit rCorr MP+9}
 62181 | Zig:12   | Identified the +7 spear of Dividends {drain, rN+ Dex+3}
 62236 | Zig:13   | Entered Level 13 of a ziggurat
 62320 | Zig:13   | Paralysed by accursed screaming for 1 turns
 62335 | Zig:13   | Paralysed by accursed screaming for 2 turns
 62342 | Zig:13   | Paralysed by accursed screaming for 2 turns
 62357 | Zig:13   | Identified the +5 arbalest of the Ten Nights {penet, rF+
                  | Will+}
 62363 | Zig:13   | Identified the ring of Duaneoja {Will+ Dex+4}
 62512 | Zig:14   | Entered Level 14 of a ziggurat
 62667 | Zig:15   | Identified the "Plog"
 62667 | Zig:15   | Identified the of Godghoonn
 62667 | Zig:15   | Entered Level 15 of a ziggurat
 62681 | Zig:15   | Noticed Rafid the pandemonium lord
 62681 | Zig:15   | Noticed Nufemain the pandemonium lord
 62681 | Zig:15   | Noticed Vyntuamy the pandemonium lord
 62689 | Zig:15   | Killed Rafid the pandemonium lord
 62690 | Zig:15   | Killed Vyntuamy the pandemonium lord
 62692 | Zig:15   | Killed Nufemain the pandemonium lord
 62741 | Zig:16   | Entered Level 16 of a ziggurat
 62747 | Zig:16   | Noticed a dread lich
 62755 | Zig:16   | Killed a dread lich
 63091 | Zig:16   | Identified the +4 shortbow "Agibiofo" {elec, rPois rC+ MP+9
                  | Dex-3}
 63101 | Zig:16   | Identified the +3 leather armour "Ufeanah" {Dex+7}
 63227 | Zot:1    | Entered Level 1 of the Realm of Zot
 63960 | Zot:2    | Noticed an orb of fire
 63973 | Zot:2    | Killed an orb of fire
 63976 | Zot:2    | Reached skill level 25 in Unarmed Combat
 64942 | Zot:3    | Found a shimmering altar of Xom.
 64942 | Zot:3    | Found a glowing silver altar of Zin.
 65334 | Zot:4    | Noticed an orb of fire
 65334 | Zot:4    | Gained mutation: Your spells are easier to cast, but less
                  | powerful. [an orb of fire]
 65341 | Zot:4    | Killed an orb of fire
 66390 | Zot:5    | Entered Level 5 of the Realm of Zot
 67198 | Zot:5    | Noticed an orb of fire
 67199 | Zot:5    | Gained mutation: You are covered in fur. (AC +1) [an orb of
                  | fire]
 67200 | Zot:5    | Gained mutation: You are vulnerable to heat. (rF-) [an orb
                  | of fire]
 67202 | Zot:5    | Gained mutation: You are frail. (-10% HP) [an orb of fire]
 67203 | Zot:5    | Killed an orb of fire
 67212 | Zot:5    | Noticed a dread lich
 67221 | Zot:5    | Killed a dread lich
 67238 | Zot:5    | Lost mutation: You are covered in fur. (AC +1) [potion of
                  | mutation]
 67238 | Zot:5    | Lost mutation: You are frail. (-10% HP) [potion of
                  | mutation]
 67238 | Zot:5    | Lost mutation: You are agile. (Dex +4, Str/Int -1) [potion
                  | of mutation]
 67238 | Zot:5    | Gained mutation: You have a pair of small antennae on your
                  | head. [potion of mutation]
 67370 | Zot:5    | Noticed an orb of fire
 67376 | Zot:5    | Noticed an orb of fire
 67376 | Zot:5    | Gained mutation: Your tail ends in a sharp venomous barb.
                  | [an orb of fire]
 67377 | Zot:5    | Killed an orb of fire
 67378 | Zot:5    | Reached skill level 26 in Unarmed Combat
 67378 | Zot:5    | Gained mutation: You are clumsy. (Dex -2) [an orb of fire]
 67385 | Zot:5    | Killed an orb of fire
 67389 | Zot:5    | Noticed a dread lich
 67394 | Zot:5    | Killed a dread lich
 67395 | Zot:5    | Noticed an orb of fire
 67407 | Zot:5    | Killed an orb of fire
 67487 | Zot:5    | Noticed a dread lich
 67489 | Zot:5    | Killed a dread lich
 67793 | Zot:5    | Got the Orb of Zot
 67904 | Zot:1    | Noticed a seraph
 67911 | Zot:1    | Killed a seraph
 67948 | Depths:4 | Noticed Bero the pandemonium lord
 67954 | Depths:4 | Killed Bero the pandemonium lord
 68267 | D:3      | Noticed Heff the pandemonium lord
 68268 | D:3      | Killed Heff the pandemonium lord
 68326 | D:$      | Escaped with the Orb!

Illustrated notes

Levels and vault maps discovered:
D:1:      dpeg_arrival_windows_large_door, layout_basic, serial_shops,
          nicolae_shop_rolling_square, minmay_unequal
D:2:      layout_rooms, shapermc_ecumenical_altar_mp_highgroup, basic_altar,
          uniq_crazy_yiuf_cottage, uniq_terence
D:3:      minmay_bubble_buster, layout_basic, serial_shops, shop_fountains,
          gammafunk_ghost_nasty_kobolds, uniq_robin
D:4:      layout_gridville, mainiacjoe_overflow_divided_tiny, kennysheep_mini,
          serial_shops, shop, uniq_eustachio
D:5:      layout_rooms, minmay_temple_entry_sparse_star,
          cheibrodos_sewer_entry_sluice, nrook_mini_backslash
D:6:      layout_loops_ring, lemuel_zombie_altar_yredelemnul, kennysheep_dice,
          uniq_maggie
D:7:      cheibrodos_barr_body, layout_loops_ring, enter_bailey_5
D:8:      layout_cave_pods
D:9:      minmay_evil_eye, layout_basic, lemuel_round_altar,
          kennysheep_orc_sif_temple, fiery_altar_vehumet
D:10:     layout_rooms, erik_lair_orcish_takeover, nicolae_eternal_life,
          nicolae_wooded_promenade
D:11:     layout_basic, david_orc_1_choice, serial_shops, shop
D:12:     layout_roguey
D:13:     layout_irregular_city, hangedman_vaults_entry_quadrant_bands,
          serial_shops, nicolae_shop_crystal, serial_glass, glass_columns_a,
          glass_columns_a, glass_columns_a, glass_columns_a, glass_columns_a,
          glass_columns_c, nicolae_ru_great_annihilating_truth
D:14:     layout_basic, serial_bayou, serial_bayou_lake_a,
          serial_bayou_crossing, serial_bayou_pond_e, serial_bayou_pond_b
D:15:     hangedman_depths_entry_civil_slaughter, layout_loops_ring,
          nicolae_elyvilon_temple_path, minivault_15, minmay_starry_boxes
Temple:   minmay_freezing_vapour_temple
Lair:1:   layout_roguey, nicolae_quartered_pool_impasse, serial_bayou_shore_b,
          serial_bayou_shore_a
Lair:2:   layout_cellular_growth, minivault_11, st_stairs_11, grunt_megastairs_5
Lair:3:   nzn_winding_woodlands_stair_cross [nzn_winding_woodlands_5x15_cabin,
          nzn_winding_woodlands_center_diamonds,
          nzn_winding_woodlands_5x15_parted, nzn_winding_woodlands_hourglass,
          nzn_winding_woodlands_5x5_checkerboard,
          nzn_winding_woodlands_5x15_concentric,
          nzn_winding_woodlands_center_pierced_h,
          nzn_winding_woodlands_5x15_sawtooth], layout_regular_city,
          minmay_swamp_entry_worms, hellmonk_spider_entry_life_and_decay,
          basic_altar
Lair:4:   layout_long_grid, minmay_slime_entry_oklob_enclosed, basic_altar,
          ebering_ghost_rock_garden, nzn_sisyphean_effort, uniq_urug
Lair:5:   wormcave, layout_layer_cave, guppyfry_lair_end_dragon
Swamp:1:  layout_basic_swamp, nicolae_swamp_feature_on_the_river_bank,
          swamp_pool1, nicolae_swamp_trees_clearing
Swamp:2:  layout_basic_swamp, evilmike_swamp_ruin_house_6
Swamp:3:  layout_falls_marsh, nicolae_swamp_some_circles, swamp_pool4,
          nicolae_swamp_spooky_pond
Swamp:4:  swamp_old_school, layout_basic_swamp, swamp_pool1, grunt_hermit_hut
Spider:1: nicolae_spider_mines_1, nicolae_spider_webs_and_nodes
Spider:2: layout_spider_delve, hangedman_spider_tarantella_strand, uniq_agnes
Spider:3: layout_spider_delve, hellmonk_test_site
Spider:4: grunt_spider_rune_circles, worms_lemuel, uniq_kirke
Slime:1:  layout_caves
Slime:2:  nicolae_slime_jelly_donut, layout_caves,
          nicolae_slime_ancient_tower_intersection
Slime:3:  cheibrodos_slime_lost_civilization_3, layout_caves,
          cheibrodos_slime_lost_civilization_4
Slime:4:  layout_caves, nicolae_slime_getting_an_eyeful
Slime:5:  slime_pit_nicolae_inversion
Orc:1:    layout_caves, gammafunk_ghost_cemetery
Orc:2:    grunt_orc_gardens, layout_caves, grunt_orc_garden, grunt_orc_garden,
          grunt_orc_garden, grunt_orc_garden, nicolae_volcano_entry_hallway,
          serial_shops, nicolae_shop_advertising_works
          [nicolae_subvault_shop_adworks]
Elf:1:    eino_elf_arrival_altar, layout_onion_city, hangedman_elf_represent
Elf:2:    nicolae_elf_blades_splatter_lattice
          [nicolae_vaults_blade_armed_guards], layout_loops_cross,
          portal_desolation_entry_ruin, minivault_19
Elf:3:    minmay_elf_hall_four_x, layout_gridlike, serial_shops,
          nicolae_shop_dealshenge, uniq_louise
Vaults:1: vaults_dpeg_doors, nicolae_vaults_storage_closets_3,
          nicolae_vaults_diamond_1, vaults_dpeg_hooks,
          nicolae_vaults_more_shelving_2, st_star, vaults_room_corners,
          nicolae_vaults_storage_room_doors, ontoclasm_vaults_loading_screen,
          layout_vaults_quadrants
Vaults:2: nicolae_vaults_trapezoid_layered, hangedman_vaults_river_flow,
          ontoclasm_vaults_gateway, v_misc_8, nicolae_vaults_little_squares_1,
          minmay_crypt_entry_necro_gods, ontoclasm_vaults_idyll,
          nicolae_vaults_storage_closets_1, st_cells, nicolae_vaults_spaceships,
          nicolae_vaults_little_squares_5, nicolae_vaults_apartment_2,
          nicolae_vaults_wrenched, nicolae_vaults_little_squares_6,
          hangedman_vaults_maws, nicolae_vaults_lightning_bolt,
          layout_vaults_maze_snakey, serial_shops, shop,
          nicolae_shop_bloodbath_and_beyond
Vaults:3: nicolae_vaults_diamond_2, vaults_room_grid, vaults_room_grid,
          v_misc_24, v_misc_9, nicolae_vaults_sightless_eye,
          hangedman_vaults_capsules, layout_vaults_chaotic_city, uniq_frederick,
          uniq_zenata
Vaults:4: nicolae_vaults_stepped_doors, nicolae_vaults_doubleplus_tesselated,
          nicolae_vaults_back_hallway, vaults_room_door_ring,
          nicolae_vaults_sesquioval_fish, v_misc_27,
          nicolae_vaults_closet_pinwheel_4, nicolae_vaults_layer_cake_slice,
          nicolae_vaults_tetromino_T_2, ontoclasm_vaults_eye, layout_vaults_ring
Vaults:5: serial_shops, uniq_mara
Crypt:1:  layout_basic, ebering_ghost_rock_garden, uniq_xtahua
Crypt:2:  layout_regular_city
Crypt:3:  grunt_crypt_end_deaths_head, uniq_grunn, uniq_margery
Depths:1: layout_gridville, hell_entry, grunt_gozag_breadcrumbs, serial_shops,
          shop, minmay_serpent_palace, grunt_megastairs_1, uniq_sojobo,
          uniq_aizul, uniq_saint_roka
Depths:2: minmay_the_grid_triangle_9x9_recursive_2_mashed
          [minmay_the_grid_triangle_9x9_prize_center,
          minmay_the_grid_triangle_9x9_skeleton,
          minmay_the_grid_triangle_9x9_swiss_cheese,
          minmay_the_grid_triangle_9x9_cache], layout_gridlike,
          enter_ziggurat_f, nicolae_abyss_entry_one_way_or_another,
          grunt_pan_entry_sceptre, grunt_hell_entry_dis_mu,
          nicolae_shop_overcharged_wands, infiniplex_staircase_zigzag_3,
          serial_bayou_shore_b, uniq_vv
Depths:3: minmay_inside_and_out, layout_basic, pan_entry, abyss_entry,
          hangedman_geh_valley, serial_shops, nicolae_shop_crystal,
          uniq_josephina
Depths:4: evilmike_zot_entry_diamond, layout_gridlike, hell_entry,
          kennysheep_random_hallway, uniq_jory
Zot:1:    layout_gridlike
Zot:2:    layout_gridville, hangedman_elemental_grid_stream
Zot:3:    dreamdust_zin_vs_xom, layout_twisted_circle, uniq_parghit
Zot:4:    kennysheep_spiral_hall, layout_onion_interference,
          kennysheep_underground_church
Zot:5:    layout_twisted_circle

Skill      XL: |  1  2  3  4  5  6  7  8  9 10 11 12 13 14 15 16 17 18 19 20 21 22 23 24 25 26 27 |
---------------+----------------------------------------------------------------------------------+-----
Stealth        | 1 2 3 4 5 |  5.0
Fighting       | 2 3 5 6 7 8 10 11 12 13 14 15 16 17 18 19 21 | 21.7
Unarmed Combat | 4 6 7 8 9 10 11 13 14 16 17 18 19 20 21 22 23 26 | 26.4
Shapeshifting  | 4 5 6 7 8 10 11 12 13 14 15 16 17 18 19 20 21 22 24 | 24.1
Ranged Weapons | 2 4 |  4.0
Invocations    | 3 5 6 8 10 11 12 13 14 15 | 15.0
Evocations     | 4 5 7 9 11 13 14 15 | 15.0
Dodging        | 2 4 6 7 8 9 10 12 13 14 15 16 17 19 | 19.4
Translocations | 3 5 7 8 9 10 11 14 | 14.0
Spellcasting   | 3 4 5 6 8 |  8.0
Shields        | 5 8 9 13 | 13.2
Air Magic      | 3 |  3.0

Action                     |  1- 3 |  4- 6 |  7- 9 | 10-12 | 13-15 | 16-18 | 19-21 | 22-24 | 25-27 || total
---------------------------+-------+-------+-------+-------+-------+-------+-------+-------+-------++-------
  Melee: Unarmed           |    39 |   112 |    74 |   347 |   567 |   724 |   730 |  1003 |  1526 ||  5122
         Punch             |     2 |     1 |     3 |    24 |    66 |    94 |   115 |    59 |       ||   364
         Maw               |       |       |       |    80 |   236 |    47 |       |       |       ||   363
         Constrict         |       |       |       |       |   173 |   169 |   180 |   142 |   216 ||   880
         Headbutt          |       |       |       |       |       |       |       |       |    10 ||    10
   Fire: Sling             |       |    65 |   217 |   122 |       |       |       |       |       ||   404
  Throw: Dart              |     8 |     6 |       |    28 |    46 |    14 |     4 |       |       ||   106
         Javelin           |       |       |       |       |    32 |     3 |       |       |       ||    35
         Throwing net      |       |       |       |       |       |       |       |       |     1 ||     1
   Cast: Manifold Assault  |       |       |       |       |       |       |    58 |   249 |   152 ||   459
         Vhi's Electric Ch |       |       |       |       |       |       |       |       |    43 ||    43
 Invoke: Bend Time         |       |       |       |     4 |       |     2 |       |       |       ||     6
         Slouch            |       |       |       |     5 |     4 |    10 |    10 |    14 |    20 ||    63
         Temporal Distorti |       |       |       |       |     4 |     3 |       |     1 |     4 ||    12
         Step From Time    |       |       |       |       |     1 |     3 |     1 |       |       ||     5
Ability: Spit Poison       |    25 |    17 |     9 |     6 |    10 |     1 |       |       |       ||    68
         Begin Untransform |       |       |       |     1 |     1 |       |       |     1 |     2 ||     5
  Evoke: Wand              |       |       |    25 |    21 |    28 |    42 |       |     8 |     4 ||   128
         Sack of spiders   |       |       |       |       |     1 |     2 |       |     2 |     1 ||     6
         Lightning rod     |       |       |       |       |       |       |       |     3 |       ||     3
         Phial of floods   |       |       |       |       |       |       |       |     1 |       ||     1
         Phantom mirror    |       |       |       |       |       |       |       |       |     1 ||     1
    Use: Potion            |     1 |     1 |     1 |     3 |     1 |     2 |     1 |     6 |    15 ||    31
         Scroll            |     2 |    11 |     7 |    10 |     7 |     4 |     3 |     1 |    13 ||    58
   Stab: Paralysed         |       |       |     2 |       |     1 |     1 |       |       |       ||     4
         Sleeping          |       |       |       |     2 |    12 |    21 |    15 |     8 |    17 ||    75
         Distracted        |       |       |       |     1 |     2 |     1 |     1 |     3 |     3 ||    11
         Petrified         |       |       |       |       |     2 |       |       |       |       ||     2
         Invisible         |       |       |       |       |       |     2 |       |     2 |     6 ||    10
         Held in net/web   |       |       |       |       |       |       |       |       |     2 ||     2
 Armour: Skin              |     4 |       |       |   111 |   350 |   973 |   613 |   499 |   890 ||  3440
         Animal skin       |    17 |    79 |   123 |       |       |       |       |       |    22 ||   241
         Swamp dragon scal |       |       |    23 |   120 |       |       |       |       |       ||   143
         Acid dragon scale |       |       |       |    43 |       |       |       |       |       ||    43
         Robe              |       |       |       |       |    34 |       |       |       |       ||    34
  Dodge: Dodged            |    15 |    46 |    92 |   148 |   322 |  1147 |   924 |   965 |  1893 ||  5552
         Repelled          |       |       |       |       |       |       |     4 |    22 |     9 ||    35
  Block: Kite shield       |       |       |       |       |       |       |       |   214 |  1832 ||  2046
         Tower shield      |       |       |       |       |       |       |       |    69 |       ||    69
         Reflection        |       |       |       |       |       |       |       |       |    10 ||    10
   Form: Blade             |       |       |       |     4 |     3 |     1 |     2 |     1 |       ||    11
         Maw               |       |       |       |     4 |     3 |     1 |     1 |       |     4 ||    13
         Statue            |       |       |       |       |       |     2 |     1 |     3 |     7 ||    13
         Anaconda          |       |       |       |       |       |       |       |     1 |       ||     1
         Death             |       |       |       |       |       |       |       |       |     7 ||     7
                           |       |       |       |       |       |       |       |       |     2 ||     2

Table legend: (Time is in decaauts)
 A = Elapsed time spent in this place.
 B = Non-inter-level travel time spent in this place.
 C = Inter-level travel time spent in this place.
 D = Time resting spent in this place.
 E = Time spent auto-exploring this place.
 F = Levels seen in this place.
 G = Mean time per level.
                   A        B        C        D        E       F      G
               +--------+--------+--------+--------+--------+-----+--------+
         Total | 148688 | 129214 |  19474 |   2361 | 104099 |  76 | 1956.4 |
       Dungeon |  36839 |  27145 |   9694 |    892 |  21905 |  15 | 2455.9 |
        Temple |     15 |     15 |      0 |      0 |      0 |   1 |   15.0 |
          Lair |  13755 |  11985 |   1770 |    198 |   9871 |   5 | 2751.0 |
         Swamp |   8079 |   7786 |    293 |     43 |   6614 |   4 | 2019.8 |
   Spider Nest |  10187 |   9745 |    442 |    266 |   7903 |   4 | 2546.8 |
    Slime Pits |   2218 |   1982 |    236 |      0 |    993 |   5 |  443.6 |
  Orcish Mines |   4944 |   4272 |    672 |      0 |   3519 |   2 | 2472.0 |
   Elven Halls |  10636 |   9819 |    817 |     10 |   8380 |   3 | 3545.3 |
        Vaults |  22920 |  20328 |   2592 |     55 |  17865 |   5 | 4584.0 |
         Crypt |   8465 |   8203 |    262 |      0 |   6948 |   3 | 2821.7 |
        Depths |  12490 |  10259 |   2231 |      0 |   8559 |   4 | 3122.5 |
           Zot |  11541 |  11081 |    460 |    219 |   8691 |   5 | 2308.2 |
         Abyss |    328 |    328 |      0 |      0 |      0 |   1 |  328.0 |
      Ziggurat |   3240 |   3240 |      0 |    675 |    641 |  16 |  202.5 |
         Sewer |    401 |    401 |      0 |      0 |    298 |   1 |  401.0 |
        Bailey |    735 |    735 |      0 |      0 |    604 |   1 |  735.0 |
    Desolation |   1890 |   1890 |      0 |      0 |   1303 |   1 | 1890.0 |
               +--------+--------+--------+--------+--------+-----+--------+

Top non-repeatable levels by time:
Vaults:5: 6891 daAuts
Vaults:1: 4838 daAuts
     D:9: 4156 daAuts
Vaults:3: 3918 daAuts
   Elf:1: 3794 daAuts
Depths:2: 3773 daAuts
Vaults:4: 3669 daAuts
Vaults:2: 3602 daAuts
  Lair:5: 3597 daAuts
   Elf:2: 3591 daAuts
  Lair:3: 3483 daAuts
Depths:1: 3401 daAuts
    D:13: 3294 daAuts
   Elf:3: 3251 daAuts
   Orc:2: 3228 daAuts
